BSA
ORLANDO CALRISSIAN @ IRVINE GANG GREEN
04/30/2027
 
TOP OF THE 1ST
Orlando Calrissian batting - Pitching for Irvine Gang Green : RHP Germán Pérez
Pitching: RHP Germán Pérez
Batting: LHB Juan Jose Pineda 0-0: Swinging Strike
0-1: Foul Ball, location: 2F
0-2: Strikes out looking
Batting: SHB Tim Abbott 0-0: Ball
1-0: Called Strike
1-1: Called Strike
1-2: Ball
2-2: Foul Ball, location: 2F
2-2: Strikes out swinging
Batting: RHB Albert Chávez 0-0: Foul Ball, location: 2F
0-1: Foul Ball, location: 2F
0-2: Foul Ball, location: 2F
0-2: Ball
1-2: Ground out 5-3 (Groundball, 56S)
Top of the 1st over - 0 run(s), 0 hit(s), 0 error(s), 0 left on base; Orlando 0 - Irvine 0
BOTTOM OF THE 1ST
Irvine Gang Green batting - Pitching for Orlando Calrissian : LHP Mark Collins
Pitching: LHP Mark Collins
Batting: LHB Jesús Campos 0-0: Ball
1-0: Ball
2-0: Foul Ball, location: 2F
2-1: Foul Ball, location: 2F
2-2: Strikes out swinging
Batting: RHB José Salazar 0-0: Ball
1-0: Swinging Strike
1-1: Ground out 5-3 (Groundball, 56S)
Batting: RHB Buck Jones 0-0: Ball
1-0: Ball
2-0: Ball
3-0: Base on Balls
Batting: LHB Víctor Quiñones 0-0: Ball
1-0: Swinging Strike
1-1: Foul Ball, location: 2F
1-2: Ball
2-2: Strikes out swinging
Bottom of the 1st over - 0 run(s), 0 hit(s), 0 error(s), 1 left on base; Orlando 0 - Irvine 0
TOP OF THE 2ND
Orlando Calrissian batting - Pitching for Irvine Gang Green : RHP Germán Pérez
Batting: RHB Rich Anderson 0-0: Ball
1-0: Called Strike
1-1: Ball
2-1: Ball
3-1: Base on Balls
Batting: LHB Juan Colón 0-0: Swinging Strike
0-1: Ball
1-1: Called Strike
1-2: Strikes out swinging
Batting: RHB Frederico Hernández 0-0: Fly out, F7 (Line Drive, 78S)
Batting: RHB Raúl Canó 0-0: Swinging Strike
0-1: Swinging Strike
0-2: Foul Ball, location: 2F
0-2: Strikes out looking
Top of the 2nd over - 0 run(s), 0 hit(s), 0 error(s), 1 left on base; Orlando 0 - Irvine 0
BOTTOM OF THE 2ND
Irvine Gang Green batting - Pitching for Orlando Calrissian : LHP Mark Collins
Batting: RHB Eichiro Yamamoto 0-0: Ball
1-0: Ball
2-0: Foul Ball, location: 2F
2-1: Swinging Strike
2-2: Strikes out swinging
Batting: LHB Jorge Martínez 0-0: Foul Ball, location: 2F
0-1: Ball
1-1: Foul Ball, location: 2F
1-2: Ball
2-2: Ball
3-2: Ground out 6-3 (Groundball, 6)
Batting: RHB Tom Doherty 0-0: Reached on error, E5 (Groundball, 56)
Batting: LHB José Sánchez 0-0: Called Strike
0-1: Fly out, F4 (Line Drive, 4)
Bottom of the 2nd over - 0 run(s), 0 hit(s), 1 error(s), 1 left on base; Orlando 0 - Irvine 0
TOP OF THE 3RD
Orlando Calrissian batting - Pitching for Irvine Gang Green : RHP Germán Pérez
Batting: RHB Enrique Bermúdez 0-0: Ball
1-0: Swinging Strike
1-1: DOUBLE (Line Drive, 78XD)
Batting: SHB Brian Price 0-0: Ground out 6-3 (Groundball, 6M)
Enrique Bermúdez to third
Batting: LHB Juan Jose Pineda 0-0: Ball
1-0: Foul Ball, location: 2F
1-1: Called Strike
1-2: Strikes out looking
Batting: SHB Tim Abbott 0-0: Called Strike
0-1: Swinging Strike
0-2: Foul Ball, location: 2F
0-2: Foul Ball, location: 2F
0-2: Ball
1-2: Strikes out swinging
Top of the 3rd over - 0 run(s), 1 hit(s), 0 error(s), 1 left on base; Orlando 0 - Irvine 0
BOTTOM OF THE 3RD
Irvine Gang Green batting - Pitching for Orlando Calrissian : LHP Mark Collins
Batting: RHB Rafael González 0-0: Ball
1-0: Called Strike
1-1: Foul Ball, location: 2F
1-2: Strikes out swinging
Batting: LHB Jesús Campos 0-0: Called Strike
0-1: Ground out 4-3 (Groundball, 34)
Batting: RHB José Salazar 0-0: Foul Ball, location: 2F
0-1: Ball
1-1: Swinging Strike
1-2: Ball
2-2: Foul Ball, location: 2F
2-2: Ball
3-2: SINGLE (Line Drive, 8LS)
Batting: RHB Buck Jones 0-0: Foul Ball, location: 2F
0-1: Ball
1-1: 2-RUN HOME RUN (Flyball, 7D), Distance : 426 ft
Batting: LHB Víctor Quiñones 0-0: Ball
1-0: Ball
2-0: Ball
3-0: Called Strike
3-1: Swinging Strike
3-2: Foul Ball, location: 2F
3-2: Strikes out swinging
Bottom of the 3rd over - 2 run(s), 2 hit(s), 0 error(s), 0 left on base; Orlando 0 - Irvine 2
TOP OF THE 4TH
Orlando Calrissian batting - Pitching for Irvine Gang Green : RHP Germán Pérez
Batting: RHB Albert Chávez 0-0: Called Strike
0-1: Ball
1-1: Ball
2-1: Swinging Strike
2-2: Strikes out swinging
Batting: RHB Rich Anderson 0-0: Ball
1-0: Ball
2-0: Swinging Strike
2-1: Fly out, F6 (Popup, 6)
Batting: LHB Juan Colón 0-0: Ball
1-0: Ball
2-0: SINGLE (Groundball, 56D)
Batting: RHB Frederico Hernández 0-0: Ball
Juan Colón steals 2nd base
1-0: Ball
2-0: Ground out 1-3 (Groundball, P)
Top of the 4th over - 0 run(s), 1 hit(s), 0 error(s), 1 left on base; Orlando 0 - Irvine 2
BOTTOM OF THE 4TH
Irvine Gang Green batting - Pitching for Orlando Calrissian : LHP Mark Collins
Batting: RHB Eichiro Yamamoto 0-0: Ball
1-0: Ball
2-0: Ball
3-0: Called Strike
3-1: SINGLE (Flyball, 8RS)
Batting: LHB Jorge Martínez 0-0: Called Strike
0-1: Ball
1-1: Foul Ball, location: 2F
1-2: Ball
2-2: Strikes out swinging
Batting: RHB Tom Doherty 0-0: Ball
Eichiro Yamamoto is caught stealing 2nd base
1-0: Ground out 6-3 (Groundball, 6)
Bottom of the 4th over - 0 run(s), 1 hit(s), 0 error(s), 0 left on base; Orlando 0 - Irvine 2
TOP OF THE 5TH
Orlando Calrissian batting - Pitching for Irvine Gang Green : RHP Germán Pérez
Batting: RHB Raúl Canó 0-0: Ball
1-0: Ball
2-0: Called Strike
2-1: Reached on error, E5 (Groundball, 5L)
Batting: RHB Enrique Bermúdez 0-0: Ball
1-0: Ball
2-0: Called Strike
2-1: Ball
3-1: Base on Balls
Raúl Canó to second
Batting: SHB Brian Price 0-0: Called Strike
0-1: Ball
1-1: Fly out, F9 (Line Drive, 9D)
Runner from 2nd tags up, SAFE at 3rd, no throw
Batting: LHB Juan Jose Pineda 0-0: Ball
1-0: Called Strike
1-1: Fly out, F6 (Line Drive, 6)
Batting: SHB Tim Abbott 0-0: Ball
1-0: Ball
2-0: Foul Ball, location: 2F
2-1: Fly out, F8 (Flyball, 8RXD)
Top of the 5th over - 0 run(s), 0 hit(s), 1 error(s), 2 left on base; Orlando 0 - Irvine 2
BOTTOM OF THE 5TH
Irvine Gang Green batting - Pitching for Orlando Calrissian : LHP Mark Collins
Batting: LHB José Sánchez 0-0: Called Strike
0-1: Ball
1-1: Ground out 4-3 (Groundball, 4)
Batting: RHB Rafael González 0-0: SINGLE (Line Drive, 78S)
Batting: LHB Jesús Campos 0-0: Ball
1-0: Ball
2-0: Called Strike
2-1: Called Strike
2-2: Ball
3-2: Grounds into double play, 4-6-3 (Groundball, 4)
Bottom of the 5th over - 0 run(s), 1 hit(s), 0 error(s), 0 left on base; Orlando 0 - Irvine 2
TOP OF THE 6TH
Orlando Calrissian batting - Pitching for Irvine Gang Green : RHP Germán Pérez
Batting: RHB Albert Chávez 0-0: Swinging Strike
0-1: Ball
1-1: Fly out, F4 (Line Drive, 4D)
Batting: RHB Rich Anderson 0-0: Ball
1-0: Swinging Strike
1-1: Ground out 3-1 (Groundball, 34S)
Batting: LHB Juan Colón 0-0: Fly out, F6 (Line Drive, 6)
Top of the 6th over - 0 run(s), 0 hit(s), 0 error(s), 0 left on base; Orlando 0 - Irvine 2
BOTTOM OF THE 6TH
Irvine Gang Green batting - Pitching for Orlando Calrissian : LHP Mark Collins
Batting: RHB José Salazar 0-0: Ball
1-0: Foul Ball, location: 2F
1-1: Fly out, F8 (Flyball, 8LS)
Batting: RHB Buck Jones 0-0: Ground out 6-3 (Groundball, 6)
Batting: LHB Víctor Quiñones 0-0: Called Strike
0-1: Ball
1-1: Called Strike
1-2: Ball
2-2: Foul Ball, location: 2F
2-2: Foul Ball, location: 2F
2-2: Foul Ball, location: 2F
2-2: Strikes out swinging
Bottom of the 6th over - 0 run(s), 0 hit(s), 0 error(s), 0 left on base; Orlando 0 - Irvine 2
TOP OF THE 7TH
Orlando Calrissian batting - Pitching for Irvine Gang Green : RHP Germán Pérez
Batting: RHB Frederico Hernández 0-0: Foul Ball, location: 2F
0-1: Ball
1-1: Ball
2-1: Ball
3-1: Base on Balls
Batting: RHB Raúl Canó 0-0: Ball
1-0: Ball
2-0: Bunt missed!
2-1: Sac Bunt - play at first, batter OUT! 1-4
Frederico Hernández to second
Batting: RHB Enrique Bermúdez 0-0: Ball
1-0: Foul Ball, location: 2F
1-1: Ball
2-1: Ground out 6-3 (Groundball, 6)
Batting: SHB Brian Price 0-0: Swinging Strike
0-1: Ball
1-1: Swinging Strike
1-2: Ball
2-2: Fly out, F2 (Popup, 15S)
Top of the 7th over - 0 run(s), 0 hit(s), 0 error(s), 1 left on base; Orlando 0 - Irvine 2
BOTTOM OF THE 7TH
Irvine Gang Green batting - Pitching for Orlando Calrissian : LHP Mark Collins
Batting: RHB Eichiro Yamamoto 0-0: Ball
1-0: Called Strike
1-1: Ball
2-1: Ball
3-1: Ground out 5-3 (Groundball, 5L)
Batting: LHB Jorge Martínez 0-0: Called Strike
0-1: Ball
1-1: Ball
2-1: Foul Ball, location: 2F
2-2: Ball
3-2: Foul Ball, location: 2F
3-2: Fly out, F8 (Flyball, 8RM)
Batting: RHB Tom Doherty 0-0: Ball
1-0: Foul Ball, location: 2F
1-1: Swinging Strike
1-2: Fly out, F4 (Popup, 4MD)
Bottom of the 7th over - 0 run(s), 0 hit(s), 0 error(s), 0 left on base; Orlando 0 - Irvine 2
TOP OF THE 8TH
Orlando Calrissian batting - Pitching for Irvine Gang Green : RHP Germán Pérez
Batting: LHB Juan Jose Pineda 0-0: Called Strike
0-1: Fly out, F9 (Line Drive, 89D)
Pitching: RHP Kuang-yin Yue
Batting: SHB Tim Abbott 0-0: Ball
1-0: Called Strike
1-1: Called Strike
1-2: Foul Ball, location: 2F
1-2: Ball
2-2: Foul Ball, location: 2F
2-2: Strikes out looking
Batting: RHB Albert Chávez 0-0: Fly out, F8 (Flyball, 89M)
Top of the 8th over - 0 run(s), 0 hit(s), 0 error(s), 0 left on base; Orlando 0 - Irvine 2
BOTTOM OF THE 8TH
Irvine Gang Green batting - Pitching for Orlando Calrissian : LHP Mark Collins
Batting: LHB José Sánchez 0-0: Foul Ball, location: 2F
0-1: Swinging Strike
0-2: Ball
1-2: Ground out 6-3 (Groundball, 56)
Batting: RHB Rafael González 0-0: Ball
1-0: Called Strike
1-1: Ground out 4-3 (Groundball, 4M)
Batting: LHB Jesús Campos 0-0: Ball
1-0: Swinging Strike
1-1: Foul Ball, location: 2F
1-2: Strikes out looking
Bottom of the 8th over - 0 run(s), 0 hit(s), 0 error(s), 0 left on base; Orlando 0 - Irvine 2
TOP OF THE 9TH
Orlando Calrissian batting - Pitching for Irvine Gang Green : RHP Kuang-yin Yue
Pitching: RHP Raúl Saltines
Batting: RHB Rich Anderson 0-0: Ball
1-0: Ball
2-0: Ground out 6-3 (Groundball, 6)
Batting: LHB Juan Colón 0-0: Foul Ball, location: 2F
0-1: Swinging Strike
0-2: Foul Ball, location: 2F
0-2: Foul Ball, location: 2F
0-2: Ball
1-2: Foul Ball, location: 2F
1-2: Ball
2-2: Strikes out looking
Batting: RHB Frederico Hernández 0-0: Fly out, F7 (Flyball, 7LS)
Top of the 9th over - 0 run(s), 0 hit(s), 0 error(s), 0 left on base; Orlando 0 - Irvine 2
Thursday, March 30th, 2017 - OOTP Baseball 17.12 Build 75